AoeStats
← Jack=Cat

Arabia

509822824Analyzed
1v1 RM · 4d ago on Sep 28, 2026· 38m 23s· 2 players
Game mode
Random Map
Map size
Tiny (2 player)
Population
200
Speed
Normal
Resources
Standard
Victory
Conquest
Starting age
Dark Age
Ending age
Imperial Age
RankedLock teamsTeams togetherTeam positionsShared explorationLock speedFull tech treeHidden civsTurbo modeCheats
Victory
Defeat
🇦🇺 Franks · Australia
1625
+15
🇺🇸 Tatars · United States
1595
-15
Jack=Cat
5:20 Loom
8:26 Feudal Age
8:59 Double-Bit Axe
9:54 Horse Collar
17:49 Bloodlines
19:26 Scale Barding Armor
19:35 Forging
24:09 Castle Age
24:03 Scale Barding Armor
29:20 Iron Casting
32:02 Chain Barding Armor
35:37 Husbandry
cjsellwood
3:40 Loom
6:41 Loom
8:44 Feudal Age
9:32 Double-Bit Axe
20:06 Castle Age
18:18 Forging
19:35 Scale Barding Armor
20:30 Gold Mining
22:13 Gold Shaft Mining
21:52 Husbandry
24:00 Bow Saw
26:20 Wheelbarrow
28:13 Iron Casting
30:00 Chain Barding Armor
31:57 Hand Cart
35:06 Stone Mining
36:30 Fletching
39:50 Imperial Age
37:44 Bodkin Arrow
Connection lost

Rejoining the realm…

Still unreachable

The connection could not be restored.

Session expired

The server has moved on; the page needs a fresh start.